 Dungeon Crawl Stone Soup version 0.31-a0-185-g9dded2c639 (webtiles) character file.

Game seed: 13118435134499116215

119 qw the Skirmisher (level 4, 0/25 HPs)
             Began as a Deep Elf Hunter on June 22, 2023.
             Slain by an iguana (6 damage)
             ... on level 3 of the Dungeon.
             The game lasted 00:00:46 (1799 turns).

qw the Skirmisher (Deep Elf Hunter)                 Turns: 1799, Time: 00:00:46

Health: 0/25       AC:  8    Str: 10    XL:     4   Next: 74%
Magic:  6/6        EV: 11    Int: 14    God:
Gold:   135        SH:  0    Dex: 16    Spells: 3/3 levels left

rFire   . . .        Y - +1 shortbow
rCold   + . .        (shield currently unavailable)
rNeg    . . .        g - +3 ring mail
rPois   .            (no helmet)
rElec   .            (no cloak)
rCorr   .            (no gloves)
SInv    .            (no boots)
Will    .....        (no amulet)
Stlth   +            (no ring)
HPRegen 0.24/turn    (no ring)
MPRegen 0.10/turn

%: no passive effects
@: no status effects
A: clumsy 1, cold resistance 1
a: no special abilities


You were on level 3 of the Dungeon.
You visited 1 branch of the dungeon, and saw 4 of its levels.

You collected 135 gold pieces.


Innate Abilities, Weirdness & Mutations

You are clumsy. (Dex -2)
Your flesh is cold resistant. (rC+)


   Skills:
 - Level 1.5 Fighting
 + Level 8.2 Ranged Weapons
 - Level 2.4 Dodging
 - Level 1.2 Stealth


You had 3 spell levels left.
You didn't know any spells.
Your spell library was empty.

Inventory:

Hand Weapons
 Y - a +1 shortbow (weapon)
Armour
 g - a +3 ring mail (worn)
Scrolls
 a - a scroll of identify
Potions
 b - a potion of might {unknown}
 c - a potion of ambrosia {unknown}
 d - a potion of mutation
 e - 2 potions of curing
 f - a potion of heal wounds {unknown}
 h - a potion of resistance {unknown}
 i - a potion of magic {unknown}

Dungeon Overview and Level Annotations

Branches:
Dungeon (4/15)
 Temple: D:4-7

Altars:

Shops:
D:3 :


Message History

An iguana comes into view.
You shoot an arrow. The arrow hits the iguana.
The iguana is lightly wounded.
You shoot an arrow. The arrow barely misses the iguana.
You shoot an arrow. The arrow hits the iguana.
The iguana is moderately wounded.
The iguana closely misses you.
You shoot an arrow. The arrow hits the iguana.
The iguana is heavily wounded.
The iguana bites you. x2
1793 ||| STAIRDANCE The iguana bites you.
You climb upwards.
There is a stone staircase leading down here.
Enter note:
Enter note:
Enter note:
Enter note:
Enter note:
Enter note:
Enter note:
Enter note:
Enter note: You shoot an arrow.
The arrow hits the iguana.
The iguana is severely wounded.
The iguana barely misses you.
You shoot an arrow. The arrow hits the iguana.
The iguana is almost dead.
The iguana bites you but does no damage.
You shoot an arrow.
The arrow hits the iguana but does no damage.
The iguana is almost dead.
The iguana barely misses you.
You shoot an arrow.
The arrow hits the iguana but does no damage.
The iguana is almost dead.
The iguana bites you!
You shoot an arrow. The arrow barely misses the iguana.
The iguana bites you.
You die...

....## ###..........#
....:###............#
.........#..........###
......................#
......##.......)....###
......###.#.........#
............####....#
.....##.##### #l...#
....#...# #@...#
..###.### ######
.####.# .#....# ...####
..## .### .).#####
.#.....####


You could see an iguana.

Vanquished Creatures
  An iguana (D:3)
  3 adders
  2 dart slugs
  An orc (D:3)
  5 ball pythons
  7 bats
  7 endoplasms
  3 giant cockroaches
  5 goblins
  4 hobgoblins
  6 jackals
  5 kobolds
  2 quokkas
  4 frilled lizards
  2 rats
57 creatures vanquished.

Notes
Turn   | Place    | Note
-------+----------+-------------------------------------------
     0 | D:1      | qw the Deep Elf Hunter began the quest for the Orb.
     0 | D:1      | Reached XP level 1. HP: 12/12 MP: 3/3
     0 | D:1      | 0 ||| qw: Version: 0.3-a-9-g12657ce
     0 | D:1      | 0 ||| qw: Game counter: 1773
     0 | D:1      | 0 ||| qw: Always use a shield: true
     0 | D:1      | 0 ||| qw: God list: Okawaru
     0 | D:1      | 0 ||| qw: Allow faded altars: false
     0 | D:1      | 0 ||| qw: Do Orc after D:15 true
     0 | D:1      | 0 ||| qw: Do second Lair branch before Depths: true
     0 | D:1      | 0 ||| qw: Lair rune preference: random
     0 | D:1      | 0 ||| qw: Plans: Normal
     0 | D:1      | 0 ||| PLANNING D:1-11
    39 | D:1      | Found a faded altar of an unknown god.
   131 | D:1      | Reached XP level 2. HP: 16/16 MP: 4/4
   169 | D:1      | Reached skill level 6 in Ranged Weapons
   475 | D:1      | 475 ||| UPGRADING to +3 ring mail.
   485 | D:1      | 485 ||| DROPPING +0 leather armour.
   486 | D:1      | 486 ||| READING scroll labelled VUOM WU ISUNACERPH.
   487 | D:1      | 487 ||| READING scroll labelled IFIUBB JUCORI.
   488 | D:1      | 488 ||| READING scroll labelled QEIRAU GAOXE.
   489 | D:1      | 489 ||| DRINKING 2 metallic inky potions.
   490 | D:1      | 490 ||| DROPPING scroll of butterflies.
   586 | D:2      | Reached XP level 3. HP: 20/20 MP: 5/5
   610 | D:2      | 610 ||| STAIRDANCE
   639 | D:1      | 639 ||| READING scroll labelled VUAFFYM AXYUX.
   889 | D:2      | Reached skill level 7 in Ranged Weapons
  1132 | D:2      | 1132 ||| READING scroll labelled BISCHE VUMUSUGU.
  1133 | D:2      | 1133 ||| READING scroll labelled YTY WYPLEMOBISH.
  1134 | D:2      | 1134 ||| DRINKING 2 blue potions.
  1134 | D:2      | Gained mutation: You are clumsy. (Dex -2) [potion of
                  | mutation]
  1134 | D:2      | Gained mutation: Your flesh is cold resistant. (rC+)
                  | [potion of mutation]
  1135 | D:2      | 1135 ||| DRINKING 2 viscous purple potions.
  1240 | D:2      | 1240 ||| DROPPING potion of berserk rage.
  1273 | D:3      | Found Acor's Book Emporium.
  1373 | D:3      | Reached XP level 4. HP: 25/25 MP: 6/6
  1479 | D:3      | Reached skill level 8 in Ranged Weapons
  1482 | D:3      | HP: 6/25 [giant cockroach (1)]
  1536 | D:3      | 1536 ||| FLEEEEING.
  1538 | D:3      | 1538 ||| FLEEEEING.
  1539 | D:3      | 1539 ||| FLEEEEING.
  1540 | D:3      | 1540 ||| FLEEEEING.
  1541 | D:3      | 1541 ||| FLEEEEING.
  1542 | D:3      | 1542 ||| FLEEEEING.
  1545 | D:3      | 1545 ||| FLEEEEING.
  1546 | D:3      | 1546 ||| FLEEEEING.
  1547 | D:3      | 1547 ||| FLEEEEING.
  1548 | D:3      | 1548 ||| FLEEEEING.
  1549 | D:3      | 1549 ||| FLEEEEING.
  1793 | D:4      | 1793 ||| STAIRDANCE
  1798 | D:3      | HP: 6/25 [iguana (10)]
  1799 | D:3      | Slain by an iguana

Levels and vault maps discovered:
D:1:      minmay_arrival_loop, layout_basic, dreamdust_ecumenical_altar_statues,
          minmay_misc_feat_secret_circle
D:2:      layout_loops_ring
D:3:      layout_rooms, serial_shops, shop, minmay_misc_feat_five,
          minmay_shallow_snake_nest
D:4:      layout_basic, serial_shops, nicolae_shop_bloodbath_and_beyond,
          uniq_menkaure, uniq_sigmund, uniq_natasha

Skill      XL: |  1  2  3  4 |
---------------+-------------+-----
Ranged Weapons | 6 7 8 |  8.2
Fighting       | |  1.5
Dodging        | |  2.4
Stealth        | |  1.2

Action                     |  1- 3 |  4- 6 || total
---------------------------+-------+-------++-------
   Fire: Shortbow          |   108 |    55 ||   163
    Use: Scroll            |     6 |       ||     6
         Potion            |     3 |       ||     3
 Armour: Leather armour    |     8 |       ||     8
         Ring mail         |    13 |    18 ||    31
  Dodge: Dodged            |    27 |    19 ||    46

Table legend:
 A = Non-vault XP
 B = Vault XP
 C = Vault XP percentage of total XP
 D = Non-vault monster count
 E = Vault monster count
 F = Vault count percentage of total count
                 A         B        C        D         E       F
            +---------+---------+-------+---------+---------+-------
      Total |     153 |      18 |  10.5 |      53 |       4 |   7.0
            +---------+---------+-------+---------+---------+-------
        D:1 |      51 |       0 |   0.0 |      22 |       0 |   0.0
        D:2 |      28 |       0 |   0.0 |       9 |       0 |   0.0
        D:3 |      68 |      18 |  20.9 |      19 |       4 |  17.4
        D:4 |       6 |       0 |   0.0 |       3 |       0 |   0.0
            +---------+---------+-------+---------+---------+-------
